 Dungeon Crawl Stone Soup version 0.29-a0-495-g17b79114eb (webtiles) character file.

Game seed: 9553623817332667385

89 kevlar127 the Ruffian (level 4, 0/45 HPs)
             Began as a Troll Berserker on May 28, 2022.
             Was a Follower of Trog.
             Killed by nerve-wracking pain
             ... invoked by Grinder
              (14 damage)
             ... while paralysed by Grinder
             ... on level 3 of the Dungeon.
             The game lasted 00:03:00 (941 turns).

kevlar127 the Ruffian (Troll Berserker)              Turns: 941, Time: 00:03:01

Health: 0/45       AC:  4    Str: 27    XL:     4   Next: 31%
Magic:  3/3        EV:  1    Int:  3    God:    Trog [*.....]
Gold:   37         SH:  0    Dex:  9    Spells: 3/3 levels left

rFire   . . .      SeeInvis .     - Unarmed
rCold   . . .      Faith    .   (no shield)
rNeg    . . .      Spirit   .   a - +0 animal skin
rPois   .          Reflect  .   (helmet restricted)
rElec   .          Harm     .   (no cloak)
rCorr   .          Rampage  .   (gloves unavailable)
Will    +....                   (boots unavailable)
Stlth   +.........              (no amulet)
HPRegen 0.95/turn               i - ring of willpower
MPRegen 0.08/turn               (no ring)

@: paralysed, on berserk cooldown, slowed
A: large, unfitting armour, claws 3, regeneration 1, shaggy fur 1, tough skin 1
a: Renounce Religion, Berserk


You were on level 3 of the Dungeon.
You worshipped Trog.
Trog was aware of your devotion.
You visited 1 branch of the dungeon, and saw 3 of its levels.

You collected 37 gold pieces.

Inventory:

Missiles
 d - 2 poisoned darts (quivered)
 g - 24 stones
 k - 6 atropa-tipped darts
Armour
 a - a +0 animal skin (worn)
Jewellery
 i - a ring of willpower (left claw)
Scrolls
 b - a scroll of noise {unknown}
 e - a scroll of enchant armour {unknown}
 h - a scroll of teleportation {unknown}
 m - a scroll of summoning {unknown}
Potions
 c - a potion of curing {unknown}
 f - a potion of attraction {unknown}
 j - a potion of brilliance {unknown}
 l - a potion of mutation {unknown}
 n - a potion of haste {unknown}


   Skills:
 + Level 3.1 Fighting
 - Level 3.1 Dodging
 + Level 3.8 Unarmed Combat


You had 3 spell levels left.
You didn't know any spells.
Your spell library was empty.

Dungeon Overview and Level Annotations

Branches:
Dungeon (2/15)

Altars:

Shops:
D:3 =

Annotations:
D:3 Grinder


Innate Abilities, Weirdness & Mutations

You are too large for most types of armour.
You have claws for hands.
Your natural rate of healing is unusually fast.
You are covered in fur. (AC +1)
You have tough skin. (AC +1)


Message History

You are too injured to fight recklessly!
You are too injured to fight recklessly!
You are too injured to fight recklessly!
You are too injured to fight recklessly!
You are too injured to fight recklessly!
A red film seems to cover your vision as you go berserk!
You feel yourself moving faster!
You feel mighty! Grinder hits you!
You writhe in agony.
* * * LOW HITPOINT WARNING * * *
You closely miss Grinder.
Grinder is moderately wounded.
Grinder blinks!
You feel a strong urge to attack something.
You feel your anger nearly subside.
You are no longer berserk.
You are exhausted.
You feel yourself slow down.
Grinder says, "There's only one good use for a tongue: cutting it out."
Grinder blinks!
Grinder gestures at you. Pain shoots through your body!
* * * LOW HITPOINT WARNING * * *
You closely miss Grinder.
Grinder is moderately wounded.
Grinder hits you but does no damage.
You claw Grinder! Your claw misses Grinder.
Grinder is heavily wounded.
Grinder hits you but does no damage. Grinder hits you.
* * * LOW HITPOINT WARNING * * *
You writhe in agony.
* * * LOW HITPOINT WARNING * * *
You scratch Grinder.
Grinder is heavily wounded.
Grinder blinks!
Grinder gestures at you.
You suddenly lose the ability to move!
Grinder gestures at you.
You easily resist.
Grinder gestures at you. Pain shoots through your body!
You die...

. ##########....
#.....@...5...
#.#
#.########....
####.# #.# #
#..... #.#
#.##.# #.#
#.##.# #.#
#.##.######.#
#.##.#...##.#
#.##......#.##.#


You could see Grinder.

Vanquished Creatures
  A scorpion (D:3)
  2 worms (D:3)
  A dart slug (D:1)
  3 endoplasms
  3 giant cockroaches (D:1)
  2 goblins (D:1)
  A ball python (D:1)
  3 bats
  A frilled lizard (D:1)
  3 kobolds (D:1)
  A rat (D:1)
21 creatures vanquished.

Notes
Turn   | Place    | Note
-------+----------+-------------------------------------------
     0 | D:1      | kevlar127 the Troll Berserker began the quest for the Orb.
     0 | D:1      | Reached XP level 1. HP: 22/22 MP: 0/0
   221 | D:1      | Reached XP level 2. HP: 21/29 MP: 1/1
   824 | D:2      | You fall into a shaft and drop 1 floor!
   824 | D:3      | Found Gileylext's One-of-a-Kind Rings.
   879 | D:3      | Reached XP level 3. HP: 30/36 MP: 2/2
   890 | D:3      | Noticed a scorpion
   896 | D:3      | Killed a scorpion
   897 | D:3      | Reached XP level 4. HP: 31/45 MP: 3/3
   922 | D:3      | Noticed Grinder
   939 | D:3      | Paralysed by Grinder for 5 turns
   941 | D:3      | Killed from afar by Grinder

Illustrated notes

Levels and vault maps discovered:
D:1:      minmay_arrival_cross, layout_basic
D:2:      layout_rooms, serial_shops, shop, chequers_serial_rivers_small_3
D:3:      layout_loops_ring, kennysheep_orc_sif_temple,
          chequers_ecumenical_altar_simple_redux, minmay_splitting_lines,
          nicolae_shop_unique_rings, uniq_grinder, uniq_jessica

Skill      XL: |  1  2  3 |
---------------+----------+-----
Fighting       | 3 |  3.1
Dodging        | 3 |  3.1
Unarmed Combat | |  3.8

Action                   |  1- 3 |  4- 6 || total
-------------------------+-------+-------++-------
Melee: Unarmed           |    53 |     8 ||    61
       Punch             |     1 |     1 ||     2
Invok: Berserk           |       |     1 ||     1
Armor: Animal skin       |    12 |     2 ||    14
Dodge: Dodged            |    20 |       ||    20

Table legend: (Time is in decaauts)
 A = Elapsed time spent in this place.
 B = Non-inter-level travel time spent in this place.
 C = Inter-level travel time spent in this place.
 D = Time resting spent in this place.
 E = Time spent auto-exploring this place.
 F = Levels seen in this place.
 G = Mean time per level.
                   A        B        C        D        E       F      G
               +--------+--------+--------+--------+--------+-----+--------+
         Total |    937 |    922 |     15 |      0 |    765 |   3 |  312.3 |
       Dungeon |    937 |    922 |     15 |      0 |    765 |   3 |  312.3 |
               +--------+--------+--------+--------+--------+-----+--------+

Top non-repeatable levels by time:
     D:1: 797 daAuts
     D:3: 116 daAuts
     D:2: 23 daAuts
